 Dungeon Crawl Stone Soup version 0.25.0-9-g26727b657a (webtiles) character file.

Game seed: 13962806475671332894

109 Delamore the Cudgeler (level 4, -3/28 HPs)
             Began as a Gargoyle Fighter on June 21, 2020.
             Slain by a gnoll
             ... wielding a +0 halberd
              (7 damage)
             ... on level 3 of the Dungeon.
             The game lasted 00:02:03 (2570 turns).

Delamore the Cudgeler (Gargoyle Fighter)            Turns: 2570, Time: 00:02:04

Health: -3/28      AC: 10    Str: 21    XL:     4   Next: 90%
Magic:  4/4        EV:  7    Int:  8    God:
Gold:   52         SH:  9    Dex:  9    Spells: 3/3 levels left

rFire    + . .     SeeInvis .   p - +0 morningstar
rCold    . . .     Gourm    .   c - +0 kite shield
rNeg     + . .     Faith    .   b - +0 scale mail
rPois    ∞         Spirit   .   (no helmet)
rElec    +         Reflect  .   (no cloak)
rCorr    .         Harm     .   (no gloves)
MR       .....                  (no boots)
Stlth    ..........             (no amulet)
HPRegen  0.09/turn              q - ring of protection from fire
MPRegen  0.09/turn              (no ring)

@: no status effects
A: negative energy resistance 1, electricity resistance, unbreathing,
petrification resistance, rot immunity, AC +3
a: no special abilities


You were on level 3 of the Dungeon.
You were not hungry.

You visited 1 branch of the dungeon, and saw 3 of its levels.

You collected 52 gold pieces.

Inventory:

Hand Weapons
 a - a +0 flail
 p - a +0 morningstar (weapon)
Missiles
 r - 4 poisoned darts (quivered)
Armour
 b - a +0 scale mail (worn)
 c - a +0 kite shield (worn)
Jewellery
 q - a ring of protection from fire (left hand)
Wands
 k - a wand of enslavement (10)
Scrolls
 h - 3 scrolls of identify {unknown}
 i - a scroll of magic mapping {unknown}
 m - a scroll of fear {unknown}
 n - a scroll of remove curse {unknown}
 o - a scroll of teleportation {unknown}
Potions
 d - a potion of might
 e - a potion of curing {unknown}
 g - 2 potions of degeneration {unknown}
 l - 2 potions of stabbing {unknown}
Comestibles
 f - 7 rations
 j - 2 chunks of flesh


   Skills:
 - Level 3.2 Fighting
 + Level 4.9 Maces & Flails
 - Level 3.2 Armour
 - Level 3.2 Shields


You had 3 spell levels left.
You didn't know any spells.
Your spell library was empty.

Dungeon Overview and Level Annotations

Branches:
Dungeon (3/15)

Altars:
Cheibriados


Innate Abilities, Weirdness & Mutations

You are resistant to torment.
Your stone body is resilient. (AC +3)
You are immune to poison.
You resist negative energy. (rN+)
You are resistant to electric shocks. (rElec)
You can survive without breathing.
You are immune to petrification.
You are immune to rotting.


Message History

You barely miss the gnoll.
The gnoll is almost dead.
You block the gnoll's attack.
The gnoll hits you with a +1 flail of holy wrath.
The gnoll barely misses you.
You sock the gnoll!
You kill the gnoll!
You block the gnoll's attack. The gnoll hits you with a +0 halberd.
Things that are here:
a +1 flail of holy wrath; a gnoll corpse You are too injured to fight recklessly!
You are too injured to fight recklessly!
Your shield and scale mail prevent you from hitting the gnoll.
You block the gnoll's attack.
You barely miss the gnoll. You block the gnoll's attack.
You closely miss the gnoll. The gnoll hits you with a +0 halberd!
* * * LOW HITPOINT WARNING * * *
You hit the gnoll but do no damage. The gnoll hits you with a +0 halberd!
You die...

#.......# #. #.......#
#. # ##..)))## #. ...
##..)##### #.
....###########'''###.#
#.
....g.g....##.....(...#
#.
....[.g..gg...##....###
#.
.....#####g######.#.#
#. ... #@# #.#.# ####.
. #.# #.#.# #.... #.#
#.#.# #.### #.# #.#.#
#.# #.. ..#.# #.# ####
###.# #.# #.# #.# #.#
#.# ##########
###.###.###


You could see 3 gnolls.

Vanquished Creatures
  A howler monkey zombie (D:2)
  A gnoll (D:3)
  3 adders
  2 worms
  2 dart slugs
  A leopard gecko (D:2)
  5 orcs (D:3)
  4 bats
  A giant cockroach (D:3)
  7 goblins
  A hobgoblin (D:3)
  2 jackals
  A ball python (D:3)
  4 frilled lizards
  11 kobolds (D:3)
  7 rats
53 creatures vanquished.

Vanquished Creatures (others)
  9 toadstools (D:3)
9 creatures vanquished.

Grand Total: 62 creatures vanquished

Notes
Turn   | Place    | Note
-------+----------+-------------------------------------------
     0 | D:1      | Delamore the Gargoyle Fighter began the quest for the Orb.
     0 | D:1      | Reached XP level 1. HP: 14/14 MP: 1/1
   382 | D:1      | Reached XP level 2. HP: 19/19 MP: 2/2
   906 | D:1      | Reached skill level 3 in Maces & Flails
  1129 | D:2      | Reached XP level 3. HP: 23/23 MP: 3/3
  1597 | D:2      | Reached skill level 4 in Maces & Flails
  1687 | D:2      | Reached XP level 4. HP: 27/28 MP: 4/4
  1705 | D:2      | Found a snail-covered altar of Cheibriados.
  2570 | D:3      | Slain by a gnoll

Illustrated notes

Levels and vault maps discovered:
D:1:      lightli_arrival_statuegarden, layout_loops_corners
D:2:      layout_rooms, first_ration, kennysheep_slug_shrine
D:3:      cheibrodos_fertilizer, layout_loops_ring, amethyst_killhole

Skill      XL: |  1  2  3 |
---------------+----------+-----
Maces & Flails | 3 4 |  4.9
Fighting       | |  3.2
Armour         | |  3.2
Shields        | |  3.2

Action                   |  1- 3 |  4- 6 || total
-------------------------+-------+-------++-------
Melee: Flail             |   163 |    56 ||   219
       Morningstar       |       |    42 ||    42
  Eat: Chunk             |     3 |     3 ||     6
Armor: Scale mail        |   113 |    83 ||   196
Dodge: Dodged            |    75 |    42 ||   117
Block: Kite shield       |   117 |    82 ||   199
